 Dungeon Crawl Stone Soup version 0.28.0-53-g5a82cb258f (webtiles) character file.

Game seed: 1684229415843978950

678 MiltankisOP the Magician (level 7, -1/46 HPs)
             Began as a Mummy Earth Elementalist on July 12, 2022.
             Shot with an arrow by a centaur (7 damage)
             ... on level 5 of the Dungeon.
             The game lasted 00:10:00 (4813 turns).

MiltankisOP the Magician (Mummy Earth Elementalist) Turns: 4813, Time: 00:10:01

Health: -1/46      AC:  2    Str: 11    XL:     7   Next: 34%
Magic:  7/17       EV: 12    Int: 16    God:
Gold:   225        SH:  5    Dex: 19    Spells: 19/20 levels left

rFire   . . .      SeeInvis +   s - +6 short sword of Havoc {protect, rPois rF+ rN+ SInv}
rCold   + . .      Faith    .   (no shield)
rNeg    + + +      Spirit   .   p - +0 robe {Archmagi}
rPois   ∞          Reflect  +   (no helmet)
rElec   .          Harm     .   (no cloak)
rCorr   .          Rampage  .   (no gloves)
Will    +....      Archmagi +   (no boots)
Stlth   ++........              d - amulet of reflection
HPRegen 0.15/turn               i - +6 ring of dexterity
MPRegen 0.15/turn               u - ring of willpower

@: very slightly contaminated
A: cold resistance 1, negative energy resistance 3, torment resistance 2, heat
vulnerability 1, no potions
a: no special abilities


You were on level 5 of the Dungeon.
You visited 1 branch of the dungeon, and saw 5 of its levels.

You collected 225 gold pieces.

Inventory:

Hand Weapons
 e - a +0 dagger
 r - a +2 dagger of speed
 s - the +6 short sword of Havoc (weapon) {protect, rPois rF+ rN+ SInv}
   (You found it on level 4 of the Dungeon)

   It grants its wielder temporary protection when it strikes (+7 to AC).
   rF:        It protects you from fire.
   rPois:     It protects you from poison.
   rN:        It protects you from negative energy.
   SInv:      It lets you see invisible.
Missiles
 c - 64 stones
Armour
 b - a +0 robe
 p - a +0 robe of the Archmagi (worn)
Jewellery
 d - an amulet of reflection (around neck)
 i - a +6 ring of dexterity (left hand)
 u - a ring of willpower (right hand)
Wands
 k - a wand of iceblast (13)
 o - a wand of acid (6)
Scrolls
 a - a scroll of summoning {unknown}
 f - 3 scrolls of teleportation {unknown}
 g - a scroll of fog {unknown}
 h - a scroll of magic mapping {unknown}
 j - 2 scrolls of enchant weapon {unknown}
 l - 2 scrolls of fear {unknown}
 m - 4 scrolls of identify {unknown}
 n - a scroll of immolation {unknown}
 q - a scroll of holy word {unknown}
 t - a scroll of blinking {unknown}


   Skills:
 - Level 1.5 Dodging
 - Level 1.5 Stealth
 - Level 7.0 Spellcasting
 + Level 3.6 Conjurations
 - Level 0.7 Transmutations
 - Level 4.0 Earth Magic


You had 19 spell levels left.
You knew the following spells:

 Your Spells              Type           Power      Damage    Failure   Level
a - Sandblast             Erth           54%        2d13      2%          1

Your spell library contained the following spells:

 Spells                   Type           Power      Damage    Failure   Level
 Passwall                 Tmut/Erth      15%        N/A       7%          2
 Stone Arrow              Conj/Erth      52%        3d10      8%          3
 Tukima's Dance           Hex            8%         N/A       36%         3
 Petrify                  Tmut/Erth      19%        N/A       43%         4
 Passage of Golubria      Tloc           8%         N/A       77%         4
 Yara's Violent Unravell  Hex/Tmut       5%         3d4       96%         5


Dungeon Overview and Level Annotations

Branches:
Dungeon (5/15)
 Temple: D:4-7

Altars:
Cheibriados

Shops:
D:3 (   D:4 :


Innate Abilities, Weirdness & Mutations

You are immune to poison.
Your flesh is cold resistant. (rC+)
You are immune to negative energy. (rN+++)
You are immune to unholy pain and torment.
You are vulnerable to heat. (rF-)
You do not drink.


Message History

Aim: a gnoll, wielding a +0 halberd (83% to hit)
You feel a surge of power!
The blast of sand hits the gnoll!
The gnoll is heavily wounded.
You block the gnoll's attack.
Casting: Sandblast (safe; 2% risk of failure)
Confirm with . or Enter, or press ? or * to list all spells.
Aiming: Sandblast (safe; 2% risk of failure)
Press: ? - help, Shift-Dir - straight line, f/p - gnoll
Aim: a gnoll, wielding a +0 halberd (heavily wounded, 83% to hit)
You feel a surge of power!
The blast of sand misses the gnoll.
The blast of sand hits the gnoll!
The gnoll is severely wounded.
The gnoll hits you from afar with a +0 halberd!
Casting: Sandblast (safe; 2% risk of failure)
Confirm with . or Enter, or press ? or * to list all spells.
Aiming: Sandblast (safe; 2% risk of failure)
Press: ? - help, Shift-Dir - straight line, f/p - gnoll
Aim: a gnoll, wielding a +0 halberd (heavily wounded, 83% to hit)
You feel a surge of power!
You miscast Sandblast.
You are very lightly contaminated with residual magic.
Nothing appears to happen.
The gnoll hits you from afar with a +0 halberd!
* * * LOW HITPOINT WARNING * * *
Casting: Sandblast (safe; 2% risk of failure)
Confirm with . or Enter, or press ? or * to list all spells.
Aiming: Sandblast (safe; 2% risk of failure)
Press: ? - help, Shift-Dir - straight line, f/p - gnoll
Aim: a gnoll, wielding a +0 halberd (heavily wounded, 83% to hit)
You feel a surge of power!
The blast of sand hits the gnoll!
You kill the gnoll!
Aiming: Corrosive Bolt
Press: ? - help, Q - select action, (/) - cycle Shift-Dir - straight line, f - centaur
Aim: a centaur, quivering arrows (83% to hit)
The bolt of acid hits the centaur!
The acid corrodes the centaur!
The centaur is severely wounded.
The bolt of acid hits the gnoll!
The acid corrodes the gnoll!
You kill the gnoll!
The centaur wields a +0 shortbow.
The centaur shoots an arrow.
The arrow hits you!
You die...

#### ..! ##.##
#########...##
#.........#..###..
#.#######.........
#.# ##@##.###
#####.###### #†# .#
#..........#
#c##.##..##
#.###.##...#
#)..g...... #>#
#........####g##..##
#.# #.......... ..g
#.# #........##
.##.Z #.# #.......##
.# ..# #.# #.......#
.# ..


You could see a centaur (corroded).

Vanquished Creatures
  Sigmund (D:3)
  A water moccasin (D:5)
  A black bear (D:5)
  A hound (D:4)
  A bullfrog skeleton (D:4)
  2 orc wizards (D:5)
  A hound skeleton (D:4)
  7 gnolls
  4 adders
  2 worms
  2 dart slugs (D:4)
  10 orcs
  5 bats
  8 endoplasms
  4 giant cockroaches
  7 goblins
  9 hobgoblins
  2 jackals (D:5)
  3 quokkas
  8 ball pythons
  3 frilled lizards
  9 kobolds
  6 rats
97 creatures vanquished.

Vanquished Creatures (others)
  3 plants
3 creatures vanquished.

Grand Total: 100 creatures vanquished

Notes
Turn   | Place    | Note
-------+----------+-------------------------------------------
     0 | D:1      | MiltankisOP the Mummy Earth Elementalist began the quest
                  | for the Orb.
     0 | D:1      | Reached XP level 1. HP: 13/13 MP: 4/4
   389 | D:1      | Found a faded altar of an unknown god.
   398 | D:1      | Reached skill level 3 in Spellcasting
   795 | D:1      | Reached XP level 2. HP: 9/19 MP: 6/6
  1918 | D:2      | Reached XP level 3. HP: 12/24 MP: 5/8
  2269 | D:2      | Reached skill level 4 in Spellcasting
  2654 | D:3      | Noticed Sigmund
  2661 | D:3      | Killed Sigmund
  2662 | D:3      | Reached skill level 5 in Spellcasting
  2662 | D:3      | Reached XP level 4. HP: 14/30 MP: 8/11
  2662 | D:3      | Reached XP level 5. HP: 16/35 MP: 9/13
  2855 | D:3      | Reached skill level 6 in Spellcasting
  2960 | D:3      | Found Fafruiwar's Antique Weapon Boutique.
  3075 | D:3      | Reached XP level 6. HP: 41/41 MP: 11/15
  3172 | D:3      | Found a snail-covered altar of Cheibriados.
  3417 | D:4      | Identified the +6 short sword of Havoc {protect, rPois rF+
                  | rN+ SInv}
  3462 | D:4      | Found Caytes's Book Emporium.
  3808 | D:4      | Reached skill level 1 in Conjurations
  4563 | D:5      | Entered Level 5 of the Dungeon
  4603 | D:5      | Reached skill level 7 in Spellcasting
  4603 | D:5      | Reached XP level 7. HP: 45/46 MP: 3/17
  4813 | D:5      | Shot with an arrow by a centaur

Illustrated notes

Levels and vault maps discovered:
D:1:      dpeg_arrival_signposts, layout_loops_ring,
          chequers_ecumenical_altar_simple, serial_forest,
          infiniplex_forest_clump_tiny, infiniplex_forest_lined_2,
          infiniplex_forest_straight_2, infiniplex_forest_lined_room_2
D:2:      layout_rooms
D:3:      layout_basic, chei_slow_surprise, serial_shops, shop, uniq_sigmund
D:4:      layout_loops_corners, serial_forest, infiniplex_forest_lined_room_3,
          infiniplex_forest_clump_long, infiniplex_forest_clump_tiny,
          infiniplex_forest_end_1, infiniplex_forest_lined_2,
          infiniplex_forest_lined_room_3, infiniplex_forest_clump_small,
          serial_shops, shop_statue, kennysheep_opposing_triangles
D:5:      layout_loops_ring, serial_shops, shop, kennysheep_generic_room_4

Skill      XL: |  1  2  3  4  5  6  7 |
---------------+----------------------+-----
Spellcasting   | 3 5 6 7 |  7.0
Earth Magic    | 3 4 |  4.0
Conjurations   | 2 3 |  3.6
Dodging        | |  1.5
Stealth        | |  1.5
Transmutations | |  0.7

Action                   |  1- 3 |  4- 6 |  7- 9 || total
-------------------------+-------+-------+-------++-------
Melee: Dagger            |    81 |     2 |       ||    83
       Unarmed           |    21 |       |       ||    21
       Short sword       |       |    52 |       ||    52
       Punch             |       |     2 |       ||     2
 Cast: Sandblast         |    30 |    51 |    11 ||    92
Evoke: Wand              |     3 |       |     1 ||     4
 Stab: Sleeping          |     1 |     1 |       ||     2
Armor: Robe              |    15 |    10 |     1 ||    26
Dodge: Dodged            |    58 |    37 |     4 ||    99
Block: Other             |    30 |    21 |     2 ||    53
       Reflection        |     1 |     3 |       ||     4
